 Dungeon Crawl Stone Soup version 0.20.1-1-g8b1a95d (webtiles) character file.

422 letownia2 the Reanimator (level 6, 45/51 HPs)
             Began as a Deep Dwarf Necromancer on Nov 28, 2017.
             Quit the game in the Ecumenical Temple.
             The game lasted 00:07:08 (2554 turns).

letownia2 the Reanimator (Deep Dwarf Necromancer)   Turns: 2554, Time: 00:07:09

Health: 45/51      AC:  7    Str: 12    XL:     6   Next: 63%
Magic:  6/9        EV: 11    Int: 17    God:
Gold:   113        SH:  4    Dex: 13    Spells: 5/9 levels left

rFire    + . .     SeeInvis .   a - +2 dagger (protect)
rCold    . . .     Gourm    .   (no shield)
rNeg     . . .     Faith    .   i - +0 ring mail
rPois    .         Spirit   .   (no helmet)
rElec    .         Reflect  +   (no cloak)
rCorr    .         Harm     .   (no gloves)
MR       .....                  e - +1 pair of boots
Stlth    +.........             w - +4 amulet of reflection
Regen    0.0/turn               y - ring of protection from fire
MPRegen  0.2/turn               (no ring)

@: starving, non-regenerating
A: damage resistance, heal wounds, sense surroundings 1, no regeneration
a: Heal Wounds


You were in the Ecumenical Temple.
You were starving.

You visited 2 branches of the dungeon, and saw 7 of its levels.

You collected 113 gold pieces.

Inventory:

Hand Weapons
 a - a +2 dagger of protection (weapon)
 f - a +0 dagger
Missiles
 z - 2 tomahawks (quivered)
Armour
 e - a +1 pair of boots (worn)
 i - a +0 ring mail (worn)
 o - a +0 robe
 r - a +1 scale mail of cold resistance
Jewellery
 w - a +4 amulet of reflection (around neck)
 y - a ring of protection from fire (left hand)
Wands
 q - a wand of flame (20/48)
Scrolls
 d - 7 scrolls of remove curse {unknown}
 g - a scroll of recharging {unknown}
 h - 2 scrolls of identify {unknown}
 k - a scroll of random uselessness {unknown}
 l - a scroll of fog {unknown}
 u - a scroll of teleportation {unknown}
 x - a scroll of enchant armour {unknown}
Potions
 j - a potion of resistance {unknown}
 n - a potion of mutation {unknown}
 t - a potion of haste {unknown}
 v - a potion of berserk rage {unknown}
Books
 b - a book of Necromancy

   Spells                             Type                      Level
   a - Pain                           Necromancy                   1
   b - Animate Skeleton               Necromancy                   1
   c - Vampiric Draining              Necromancy                   3
   d - Regeneration                   Charms/Necromancy            3
   e - Animate Dead                   Necromancy                   4
   f - Control Undead                 Necromancy                   4
 p - a book of Maledictions

   Spells                             Type                      Level
   a - Corona                         Hexes                        1
   b - Ensorcelled Hibernation        Hexes/Ice                    2
   c - Confuse                        Hexes                        3
   d - Tukima's Dance                 Hexes                        3
   e - Dazzling Spray                 Conjuration/Hexes            3
Comestibles
 c - 3 bread rations
 m - a meat ration
 s - 4 fruits


   Skills:
 + Level 1.1 Fighting
 - Level 2.1 Dodging
 - Level 2.4 Stealth
 - Level 2.2 Spellcasting
 * Level 8.4 Necromancy


You had 5 spell levels left.
You knew the following spells:

 Your Spells              Type           Power        Failure   Level  Hunger
a - Pain                  Necr           ####         1%          1    #......
v - Vampiric Draining     Necr           ####......   4%          3    ###....


Dungeon Overview and Level Annotations

Branches:
Dungeon (6/15)             Temple (1/1) D:6

Altars:
Ashenzari
Kikubaaqudgha
Makhleb
Nemelex Xobeh
Okawaru
Qazlal
Sif Muna
Trog
Xom
Yredelemnul
Zin
The Shining One

Shops:
D:4 =   D:5 *

Annotations:
D:2 Jessica
D:3 Sigmund


Innate Abilities, Weirdness & Mutations

You are resistant to damage.
You can heal yourself by infusing magical energy.
You passively map a small area around you.
You do not regenerate.


Message History

Confirm with . or Enter, or press ? or * to list all spells.
Aiming: Pain
Press: ? - help, Shift-Dir - straight line, f - ooze
Aim: an ooze (chance to defeat MR: 84%)
The ooze writhes in agony!
The ooze hits you but does no damage.
Casting: Pain
Confirm with . or Enter, or press ? or * to list all spells.
Aiming: Pain
Press: ? - help, Shift-Dir - straight line, f/p - ooze
Aim: an ooze (heavily wounded, chance to defeat MR: 84%)
The ooze writhes in agony!
You kill the ooze!
You are starving!
You don't have the energy to cast that spell.
You don't have the energy to cast that spell.
You don't have the energy to cast that spell.
Okay, then.
Put on which piece of jewellery? (? for menu, Esc to quit)
Okay, then.
Are you sure you want to abandon this character and quit the game? (Confirm with "yes".)

* * ##≈##### ≈##
####≈.§##≈##≈.≈####
##§≈§...#...#...≈≈≈##
#≈≈≈.._.#...#....≈≈§#
#≈≈.....#._.#.....≈§#
#≈......#...#..._..§#
≈.......8...8.......§
.._....@.............
≈...................≈
#####8.........8#####
..................§#
.._......<......_§§§
#................§.§#
#####8.........8#####
...................≈
................._..


There were no monsters in sight!

Vanquished Creatures
  An ice beast (D:5)
  A centaur (D:5)
  2 scorpions (D:5)
  A centaur skeleton (D:4)
  An orc wizard (D:4)
  A worker ant (D:5)
  A hound skeleton (D:4)
  2 adders (D:4)
  An ooze (Temple)
  3 leopard geckos (D:4)
  8 orcs
  5 giant cockroaches
  A goblin (D:3)
  2 jackals (D:3)
  3 quokkas
  2 frilled lizards (D:4)
35 creatures vanquished.

Notes
Turn   | Place    | Note
-------+----------+-------------------------------------------
     0 | D:1      | letownia2 the Deep Dwarf Necromancer began the quest for the Orb.
     0 | D:1      | Reached XP level 1. HP: 15/15 MP: 3/3
    15 | D:2      | Noticed Jessica
   312 | D:3      | Noticed Sigmund
   459 | D:4      | Reached XP level 2. HP: 22/22 MP: 0/5
   766 | D:4      | Reached skill level 5 in Necromancy
   766 | D:4      | Reached XP level 3. HP: 28/28 MP: 0/6
   900 | D:4      | Found Etoemikk's Jewellery Shoppe.
   950 | D:4      | Learned a level 3 spell: Vampiric Draining
   965 | D:4      | Noticed an ogre
  1341 | D:4      | Found a burning altar of Makhleb.
  1379 | D:4      | Reached skill level 6 in Necromancy
  1379 | D:4      | Reached XP level 4. HP: 24/36 MP: 2/7
  1639 | D:5      | Entered Level 5 of the Dungeon
  1782 | D:5      | Found Lojemoant's Elemental Accessories.
  1861 | D:5      | Reached XP level 5. HP: 38/42 MP: 5/8
  1979 | D:5      | Found a deep blue altar of Sif Muna.
  2034 | D:5      | Reached skill level 7 in Necromancy
  2130 | D:5      | Noticed an ice beast
  2135 | D:5      | Killed an ice beast
  2135 | D:5      | Reached XP level 6. HP: 44/49 MP: 1/9
  2254 | D:5      | Noticed a two-headed ogre
  2494 | D:5      | Reached skill level 8 in Necromancy
  2496 | D:5      | Reached skill level 1 in Fighting
  2520 | D:6      | Found a staircase to the Ecumenical Temple.
  2534 | Temple   | Entered the Ecumenical Temple
  2554 | Temple   | Quit the game

Skill      XL: |  1  2  3  4  5  6 |
---------------+-------------------+-----
Spellcasting   | 2 |  2.2
Necromancy     | 5 6 7 8 |  8.4
Fighting       | 1 |  1.1
Dodging        | |  2.1
Stealth        | |  2.4

Action                   |  1- 3 |  4- 6 || total
-------------------------+-------+-------++-------
Melee: Dagger            |    24 |     6 ||    30
Throw: Tomahawk          |       |     1 ||     1
 Cast: Pain              |    37 |    39 ||    76
       Vampiric Draining |     3 |     6 ||     9
 Stab: Sleeping          |       |     1 ||     1
  Eat: Chunk             |     2 |     3 ||     5
Armor: Ring mail         |    24 |    19 ||    43
Dodge: Dodged            |    41 |    27 ||    68
Block: Other             |       |     2 ||     2
       Reflection        |       |     1 ||     1
